| TOP OF THE 1ST |
|
Durham Bulls batting - Pitching for Scranton WB RailRiders : RHP Ricardo Villar
|
|
Pitching: RHP Ricardo Villar
|
|
|
Batting: LHB Angel Ruvalcaba
|
0-0: Ground out 4-3 (Groundball, 4S, EV 85.6 MPH)
|
|
Batting: SHB Soudai Abe
|
0-0: Ball 1-0: Called Strike 1-1: Foul Ball, location: 2F 1-2: Ball 2-2: Foul Ball, location: 2F 2-2: Ball 3-2: Foul Ball, location: 2F 3-2: SINGLE (Groundball, 6M, EV 95.6 MPH)
|
|
Batting: RHB Amari Benton
|
0-0: Ball 1-0: Ball 2-0: Foul Ball, location: 2F 2-1: Swinging Strike 2-2: Ball 3-2: Strikes out swinging
|
|
Batting: LHB Jimmy Buscemi
|
0-0: Ball 1-0: Ball 2-0: Called Strike 2-1: Ball 3-1: Called Strike 3-2: Base on Balls Soudai Abe to second
|
|
Batting: SHB Ben Pierce
|
0-0: Ball 1-0: Called Strike 1-1: Foul Ball, location: 2F 1-2: Foul Ball, location: 2F 1-2: Fly out, F7 (Flyball, 7S, EV 89.4 MPH)
|
| Top of the 1st over - 0 runs, 1 hit, 0 errors, 2 left on base; Durham 0 - Scranton WB 0 |
| BOTTOM OF THE 1ST |
|
Scranton WB RailRiders batting - Pitching for Durham Bulls : RHP Joel Montenegro
|
|
Pitching: RHP Joel Montenegro
|
|
|
Batting: RHB Neal Tinoco
|
0-0: Ball 1-0: Foul Ball, location: 2F 1-1: Foul Ball, location: 2F 1-2: Strikes out swinging
|
|
Batting: RHB Sean Neuroth
|
0-0: Swinging Strike 0-1: Called Strike 0-2: Ground out 4-3 (Groundball, 4, EV 101.9 MPH)
|
|
Batting: RHB Luis Balderas
|
0-0: Foul Ball, location: 2F 0-1: Ball 1-1: Swinging Strike 1-2: Foul Ball, location: 2F 1-2: Foul Ball, location: 2F 1-2: Strikes out swinging
|
| Bottom of the 1st over - 0 runs, 0 hits, 0 errors, 0 left on base; Durham 0 - Scranton WB 0 |
| TOP OF THE 2ND |
|
Durham Bulls batting - Pitching for Scranton WB RailRiders : RHP Ricardo Villar
|
|
Batting: LHB Robin More
|
0-0: Ball 1-0: Called Strike 1-1: Foul Ball, location: 2F 1-2: Ground out 6-3 (Groundball, 56, EV 103.8 MPH)
|
|
Batting: RHB Giuliano Giacoletti
|
0-0: Called Strike 0-1: Called Strike 0-2: Ball 1-2: Ball 2-2: Ground out 6-3 (Groundball, 6S, EV 86.3 MPH)
|
|
Batting: RHB Kevin Kush
|
0-0: Ground out U3 (Groundball, 34S, EV 91.3 MPH)
|
| Top of the 2nd over - 0 runs, 0 hits, 0 errors, 0 left on base; Durham 0 - Scranton WB 0 |
| BOTTOM OF THE 2ND |
|
Scranton WB RailRiders batting - Pitching for Durham Bulls : RHP Joel Montenegro
|
|
Batting: RHB Jarrod Joyce
|
0-0: SINGLE (Flyball, 6D, EV 85.0 MPH)
|
|
Batting: RHB Pat Bernier
|
0-0: Called Strike 0-1: Swinging Strike 0-2: Ball 1-2: Fly out, F9 (Flyball, 9LM, EV 90.0 MPH)
|
|
Batting: RHB Russ Shambaugh
|
0-0: Ball 1-0: Ball Jarrod Joyce steals 2nd base 2-0: Foul Ball, location: 2F 2-1: Called Strike 2-2: Ground out 6-3 (Groundball, 6, EV 101.3 MPH)
|
|
Batting: LHB Justin Covington
|
0-0: Ball 1-0: Ball 2-0: Called Strike 2-1: Foul Ball, location: 2F 2-2: Foul Ball, location: 2F 2-2: Foul Ball, location: 2F 2-2: Fly out, F7 (Flyball, 78S, EV 73.8 MPH)
|
| Bottom of the 2nd over - 0 runs, 1 hit, 0 errors, 1 left on base; Durham 0 - Scranton WB 0 |
| TOP OF THE 3RD |
|
Durham Bulls batting - Pitching for Scranton WB RailRiders : RHP Ricardo Villar
|
|
Batting: RHB Dusty Camelli
|
0-0: Ball 1-0: Foul Ball, location: 2F 1-1: Ground out 6-3 (Groundball, 6, EV 88.1 MPH)
|
|
Batting: LHB Angel Ruvalcaba
|
0-0: Ball 1-0: Ball 2-0: Ball 3-0: Called Strike 3-1: Called Strike 3-2: Foul Ball, location: 2F 3-2: Foul Ball, location: 2F 3-2: Ground out 6-3 (Groundball, 6, EV 81.9 MPH)
|
|
Batting: SHB Soudai Abe
|
0-0: Ball 1-0: Ball 2-0: Ball 3-0: Called Strike 3-1: Foul Ball, location: 2F 3-2: Foul Ball, location: 2F 3-2: Strikes out swinging
|
| Top of the 3rd over - 0 runs, 0 hits, 0 errors, 0 left on base; Durham 0 - Scranton WB 0 |
| BOTTOM OF THE 3RD |
|
Scranton WB RailRiders batting - Pitching for Durham Bulls : RHP Joel Montenegro
|
|
Batting: RHB Hector Padilla
|
0-0: Called Strike 0-1: Ball 1-1: Foul Ball, location: 2F 1-2: Ball 2-2: Foul Ball, location: 2F 2-2: Fly out, F8 (Flyball, 8LS, EV 95.0 MPH)
|
|
Batting: RHB Willie Childs
|
0-0: Ball 1-0: Ball 2-0: Called Strike 2-1: Swinging Strike 2-2: Strikes out looking
|
|
Batting: RHB Neal Tinoco
|
0-0: Called Strike 0-1: Foul Ball, location: 2F 0-2: Strikes out swinging
|
| Bottom of the 3rd over - 0 runs, 0 hits, 0 errors, 0 left on base; Durham 0 - Scranton WB 0 |
| TOP OF THE 4TH |
|
Durham Bulls batting - Pitching for Scranton WB RailRiders : RHP Ricardo Villar
|
|
Batting: RHB Amari Benton
|
0-0: Called Strike 0-1: Foul Ball, location: 2F 0-2: Strikes out swinging
|
|
Batting: LHB Jimmy Buscemi
|
0-0: Ball 1-0: Ball 2-0: Ball 3-0: Base on Balls
|
|
Batting: SHB Ben Pierce
|
0-0: Fly out, F7 (Line Drive, 7, EV 91.9 MPH)
|
|
Batting: LHB Robin More
|
0-0: Called Strike 0-1: Foul Ball, location: 2F 0-2: Ball 1-2: Foul Ball, location: 2F 1-2: Fielders Choice at 2nd, U4 (Groundball, 4M, EV 100.6 MPH)
|
| Top of the 4th over - 0 runs, 0 hits, 0 errors, 1 left on base; Durham 0 - Scranton WB 0 |
| BOTTOM OF THE 4TH |
|
Scranton WB RailRiders batting - Pitching for Durham Bulls : RHP Joel Montenegro
|
|
Batting: RHB Sean Neuroth
|
0-0: Ball 1-0: Ball 2-0: Fly out, F9 (Flyball, 9S, EV 86.3 MPH)
|
|
Batting: RHB Luis Balderas
|
0-0: Ball 1-0: SINGLE (Line Drive, 34, EV 106.9 MPH)
|
|
Batting: RHB Jarrod Joyce
|
0-0: Called Strike 0-1: Swinging Strike 0-2: Strikes out swinging
|
|
Batting: RHB Pat Bernier
|
0-0: Ball 1-0: Ball 2-0: Called Strike 2-1: Called Strike 2-2: Strikes out swinging
|
| Bottom of the 4th over - 0 runs, 1 hit, 0 errors, 1 left on base; Durham 0 - Scranton WB 0 |
| TOP OF THE 5TH |
|
Durham Bulls batting - Pitching for Scranton WB RailRiders : RHP Ricardo Villar
|
|
Batting: RHB Giuliano Giacoletti
|
0-0: Swinging Strike 0-1: Ball 1-1: Foul Ball, location: 2F 1-2: Ball 2-2: Foul Ball, location: 2F 2-2: Fly out, F4 (Line Drive, 4, EV 64.4 MPH)
|
|
Batting: RHB Kevin Kush
|
0-0: Ball 1-0: Ground out 5-3 (Groundball, 56, EV 102.5 MPH)
|
|
Batting: RHB Dusty Camelli
|
0-0: Ball 1-0: Called Strike 1-1: Ball 2-1: Ball 3-1: Ground out 4-3 (Groundball, 4, EV 94.4 MPH)
|
| Top of the 5th over - 0 runs, 0 hits, 0 errors, 0 left on base; Durham 0 - Scranton WB 0 |
| BOTTOM OF THE 5TH |
|
Scranton WB RailRiders batting - Pitching for Durham Bulls : RHP Joel Montenegro
|
|
Batting: RHB Russ Shambaugh
|
0-0: Swinging Strike 0-1: Ball 1-1: Fly out, F8 (Flyball, 89D, EV 104.4 MPH)
|
|
Batting: LHB Justin Covington
|
0-0: Called Strike 0-1: Ball 1-1: Called Strike 1-2: Strikes out looking
|
|
Batting: RHB Hector Padilla
|
0-0: Called Strike 0-1: Foul Ball, location: 2F 0-2: Ball 1-2: Ball 2-2: Ground out 6-3 (Groundball, 6, EV 83.8 MPH)
|
| Bottom of the 5th over - 0 runs, 0 hits, 0 errors, 0 left on base; Durham 0 - Scranton WB 0 |
| TOP OF THE 6TH |
|
Durham Bulls batting - Pitching for Scranton WB RailRiders : RHP Ricardo Villar
|
|
Pitching: LHP Jason Merritt
|
|
|
Batting: LHB Angel Ruvalcaba
|
0-0: Ball 1-0: Ball 2-0: Called Strike 2-1: Ball 3-1: Swinging Strike 3-2: Strikes out swinging
|
|
Batting: SHB Soudai Abe
|
0-0: Ball 1-0: Ball 2-0: Called Strike 2-1: Ball 3-1: Foul Ball, location: 2F 3-2: Foul Ball, location: 2F 3-2: Base on Balls
|
|
Batting: RHB Amari Benton
|
0-0: Foul Ball, location: 2F 0-1: Swinging Strike 0-2: Fly out, F7 (Flyball, 7S, EV 88.8 MPH)
|
|
Batting: LHB Jimmy Buscemi
|
0-0: Ball 1-0: Called Strike 1-1: Foul Ball, location: 2F 1-2: Ball 2-2: Ball 3-2: Strikes out swinging
|
| Top of the 6th over - 0 runs, 0 hits, 0 errors, 1 left on base; Durham 0 - Scranton WB 0 |
| BOTTOM OF THE 6TH |
|
Scranton WB RailRiders batting - Pitching for Durham Bulls : RHP Joel Montenegro
|
|
Batting: RHB Willie Childs
|
0-0: Foul Ball, location: 2F 0-1: SINGLE (Line Drive, 89M, EV 105.6 MPH)
|
|
Batting: RHB Neal Tinoco
|
0-0: Fly out, F7 (Flyball, 78S, EV 85.0 MPH)
|
|
Batting: RHB Sean Neuroth
|
0-0: Ball 1-0: Ball Willie Childs is caught stealing 2nd base 2-4 2-0: Called Strike 2-1: Ball 3-1: Called Strike 3-2: Foul Ball, location: 2F 3-2: Foul Ball, location: 2F 3-2: SINGLE (Groundball, 6MD, EV 98.8 MPH)
|
|
Batting: RHB Luis Balderas
|
0-0: Called Strike Sean Neuroth steals 2nd base 0-1: Swinging Strike 0-2: Ball 1-2: Fly out, F7 (Flyball, 78S, EV 90.0 MPH)
|
| Bottom of the 6th over - 0 runs, 2 hits, 0 errors, 1 left on base; Durham 0 - Scranton WB 0 |
| TOP OF THE 7TH |
|
Durham Bulls batting - Pitching for Scranton WB RailRiders : LHP Jason Merritt
|
|
Batting: SHB Ben Pierce
|
0-0: Called Strike 0-1: Ball 1-1: Ball 2-1: Ball 3-1: Foul Ball, location: 2F 3-2: Foul Ball, location: 2F 3-2: Ground out 6-3 (Groundball, 6, EV 81.3 MPH)
|
|
Batting: LHB Robin More
|
0-0: Called Strike 0-1: Ball 1-1: Ground out 6-3 (Groundball, 56, EV 110.0 MPH)
|
|
Batting: RHB Giuliano Giacoletti
|
0-0: Called Strike 0-1: Ball 1-1: Ball 2-1: Foul Ball, location: 2F 2-2: DOUBLE (Line Drive, 89D, EV 111.9 MPH)
|
|
Batting: RHB Kevin Kush
|
0-0: Called Strike 0-1: Ball Wild Pitch! Giuliano Giacoletti to third 1-1: Swinging Strike 1-2: SINGLE (Groundball, 56D, EV 108.1 MPH) Giuliano Giacoletti scores
|
|
Batting: RHB Dusty Camelli
|
0-0: Ball 1-0: Called Strike 1-1: Ball 2-1: Ball 3-1: Called Strike 3-2: Strikes out looking
|
| Top of the 7th over - 1 run, 2 hits, 0 errors, 1 left on base; Durham 1 - Scranton WB 0 |
| BOTTOM OF THE 7TH |
|
Scranton WB RailRiders batting - Pitching for Durham Bulls : RHP Joel Montenegro
|
|
Batting: RHB Jarrod Joyce
|
0-0: Ground out 1-3 (Groundball, 13S, EV 63.8 MPH)
|
|
Batting: RHB Pat Bernier
|
0-0: Ball 1-0: Ground out 4-3 (Groundball, 4, EV 105.6 MPH)
|
|
Batting: RHB Russ Shambaugh
|
0-0: Ground out 6-3 (Groundball, 6, EV 85.0 MPH)
|
| Bottom of the 7th over - 0 runs, 0 hits, 0 errors, 0 left on base; Durham 1 - Scranton WB 0 |
| TOP OF THE 8TH |
|
Durham Bulls batting - Pitching for Scranton WB RailRiders : LHP Jason Merritt
|
|
Pitching: RHP Mike Amos
|
|
|
Batting: LHB Angel Ruvalcaba
|
0-0: Foul Ball, location: 2F 0-1: Swinging Strike 0-2: Ball 1-2: Strikes out swinging
|
|
Batting: SHB Soudai Abe
|
0-0: Called Strike 0-1: Ball 1-1: Called Strike 1-2: Ball 2-2: Foul Ball, location: 2F 2-2: Ball 3-2: Base on Balls
|
|
Batting: RHB Amari Benton
|
0-0: Ball 1-0: Called Strike 1-1: Foul Ball, location: 2F 1-2: Ball 2-2: Ball 3-2: Foul Ball, location: 2F 3-2: Base on Balls Soudai Abe to second
|
|
Batting: LHB Jimmy Buscemi
|
0-0: Ball 1-0: Foul Ball, location: 2F 1-1: Ball 2-1: Grounds into double play, 4-6-3 (Groundball, 4, EV 90.0 MPH)
|
| Top of the 8th over - 0 runs, 0 hits, 0 errors, 1 left on base; Durham 1 - Scranton WB 0 |
| BOTTOM OF THE 8TH |
|
Scranton WB RailRiders batting - Pitching for Durham Bulls : RHP Joel Montenegro
|
|
Batting: LHB Justin Covington
|
0-0: Ball 1-0: Ball 2-0: Swinging Strike 2-1: Ground out 5-3 (Groundball, 5, EV 89.4 MPH)
|
|
Pinch Hitting: LHB Kazuyoshi Nakamura
|
0-0: Called Strike 0-1: Ball 1-1: Called Strike 1-2: Foul Ball, location: 2F 1-2: Strikes out swinging, 2-3 out at first.
|
|
Batting: RHB Willie Childs
|
0-0: Ball 1-0: Ground out 4-3 (Groundball, 4, EV 84.4 MPH)
|
| Bottom of the 8th over - 0 runs, 0 hits, 0 errors, 0 left on base; Durham 1 - Scranton WB 0 |
| TOP OF THE 9TH |
|
Durham Bulls batting - Pitching for Scranton WB RailRiders : RHP Mike Amos
|
|
Pitching: LHP Phil Tippins
|
|
|
Now at 1B: Kazuyoshi Nakamura
|
|
|
Now at 2B: Jarrod Joyce
|
|
|
Now at 3B: Willie Childs
|
|
|
Batting: SHB Ben Pierce
|
0-0: Ball 1-0: Ball 2-0: Ball 3-0: Called Strike 3-1: Foul Ball, location: 2F 3-2: Ground out 2-3 (Groundball, 15S, EV 70.6 MPH)
|
|
Batting: RHB John Ham
|
0-0: Called Strike 0-1: Foul Ball, location: 2F 0-2: Ball 1-2: Ball 2-2: Ball 3-2: Ground out 1-3 (Groundball, 25, EV 68.8 MPH)
|
|
Batting: RHB Giuliano Giacoletti
|
0-0: Ground out U3 (Groundball, 3S, EV 85.6 MPH)
|
| Top of the 9th over - 0 runs, 0 hits, 0 errors, 0 left on base; Durham 1 - Scranton WB 0 |
| BOTTOM OF THE 9TH |
|
Scranton WB RailRiders batting - Pitching for Durham Bulls : RHP Joel Montenegro
|
|
Pitching: RHP Eric Hudson
|
|
|
Batting: RHB Neal Tinoco
|
0-0: Ball 1-0: Called Strike 1-1: Fly out, F8 (Flyball, 78D, EV 97.5 MPH)
|
|
Batting: RHB Sean Neuroth
|
0-0: Ball 1-0: Fly out, F4 (Popup, 4M, EV 60.0 MPH)
|
|
Batting: RHB Luis Balderas
|
0-0: Ball 1-0: Called Strike 1-1: Swinging Strike 1-2: Foul Ball, location: 2F 1-2: SINGLE (Groundball, 6MD, EV 106.9 MPH)
|
|
Batting: RHB Jarrod Joyce
|
0-0: Ball 1-0: Foul Ball, location: 2F 1-1: Foul Ball, location: 2F 1-2: Hit by Pitch Luis Balderas to second
|
|
Batting: RHB Pat Bernier
|
0-0: Swinging Strike 0-1: SINGLE (Groundball, 4, EV 94.4 MPH) Luis Balderas to third Jarrod Joyce to second Runner from 3rd tries for Home, throw by CF and OUT! 8-2
|
| Bottom of the 9th over - 0 runs, 2 hits, 0 errors, 2 left on base; Durham 1 - Scranton WB 0 |
|